 Dungeon Crawl Stone Soup version 0.24.0-125-gc4c63601f3 (webtiles) character file.

Game seed: 4831391237033153344, levelgen mode: deterministic

68816 Curus the Cruncher (level 14, -13/116 HPs)
             Began as a Demonspawn Gladiator on Feb 17, 2020.
             Was the Champion of Makhleb.
             Mangled by an orc warlord
             ... wielding a +3 dire flail of holy wrath
              (30 damage)
             ... on level 2 of the Orcish Mines.
             The game lasted 01:31:20 (19042 turns).

Curus the Cruncher (Demonspawn Gladiator)          Turns: 19042, Time: 01:31:21

Health: -13/116    AC:  9    Str: 18 (20) XL:     14   Next: 88%
Magic:  0/24       EV: 29    Int:  9 (10) God:    Makhleb [******]
Gold:   1671       SH:  0    Dex: 26 (27) Spells: 13/13 levels left

rFire    + . .     SeeInvis +   a - +4 quarterstaff
rCold    + . .     Gourm    .   (shield currently unavailable)
rNeg     + . .     Faith    .   X - +0 leather armour "Fiotheg" {Int+4 Dex-3 Slay+2 SInv} (curse)
rPois    .         Spirit   +   c - +0 helmet
rElec    .         Reflect  .   (no cloak)
rCorr    .         Harm     .   m - +0 pair of gloves
MR       ++...                  (boots unavailable)
Stlth    +++.......             G - macabre finger necklace {rN+}
HPRegen  0.29/turn              T - ring of Vaeqer {+Blink MR+ Int-4 Dex+6 Slay+6}
MPRegen  0.38/turn              z - +2 ring of slaying
                                y - ring of protection from cold

@: mighty, agile, about to teleport, marked
A: talons 3, molten scales 3, mutation resistance 1, powered by pain 1,
screaming 1, magic shield, magic regeneration
a: Minor Destruction, Lesser Servant of Makhleb, Major Destruction, Greater
Servant of Makhleb, Renounce Religion, Evoke Blink


You were on level 2 of the Orcish Mines.
You worshipped Makhleb.
Makhleb was exalted by your worship.
You were not hungry.

You visited 3 branches of the dungeon, and saw 19 of its levels.
You also visited: Sewer.

You collected 2549 gold pieces.
You spent 878 gold pieces at shops.

Inventory:

Hand Weapons
 a - a +4 quarterstaff (weapon)
Missiles
 d - 4 throwing nets (quivered)
Armour
 b - a +0 leather armour
 c - a +0 helmet (worn)
 k - a +0 pair of boots
 m - a +0 pair of gloves (worn)
 F - a +2 troll leather armour
 O - a +2 ring mail of magic resistance
 W - a +1 leather armour of cold resistance
 X - the cursed +0 leather armour "Fiotheg" (worn) {Int+4 Dex-3 Slay+2 SInv}
   (You bought it in a shop on level 2 of the Orcish Mines)

   It affects your intelligence (+4).
   It affects your dexterity (-3).
   It affects your accuracy and damage with ranged weapons and melee attacks
   (+2).
   It lets you see invisible.
   It has a curse placed upon it.
Jewellery
 g - an uncursed ring of magical power
 i - an uncursed ring of protection from magic
 j - an uncursed ring of stealth
 o - an uncursed ring of teleportation
 p - an uncursed ring of positive energy
 y - a ring of protection from cold (on amulet)
 z - a +2 ring of slaying (right hand)
 D - an uncursed ring of attention
 G - the macabre finger necklace (around neck) {rN+}
   (You bought it in a shop on level 4 of the Dungeon)

   [amulet of nothing]

   It protects you from negative energy.
 Q - an uncursed amulet of harm
 R - an uncursed ring of wizardry
 T - the ring of Vaeqer (left hand) {+Blink MR+ Int-4 Dex+6 Slay+6}
   (You found it on level 1 of the Lair of Beasts)

   [ring of protection from magic]

   It affects your intelligence (-4).
   It affects your dexterity (+6).
   It affects your accuracy and damage with ranged weapons and melee attacks
   (+6).
   It affects your resistance to hostile enchantments.
   It lets you blink.
Wands
 r - a wand of flame (6)
 x - a wand of random effects (10)
 B - a wand of acid (8)
 K - a wand of digging (4)
 L - a wand of clouds (7)
 M - a wand of paralysis (8)
 N - a wand of polymorph (9)
Scrolls
 e - 17 scrolls of identify
 h - 9 scrolls of teleportation
 n - 7 scrolls of remove curse
 s - 6 scrolls of magic mapping
 t - 4 scrolls of fear
 u - 6 scrolls of fog
 v - 4 scrolls of amnesia
 I - 7 scrolls of blinking
 P - a scroll of summoning
 V - a scroll of torment
Potions
 l - 6 potions of lignification
 q - 7 potions of curing
 w - 2 potions of magic
 A - a potion of agility
 C - a potion of invisibility
 E - 2 potions of flight
 H - 3 potions of heal wounds
 J - 3 potions of brilliance
 S - a potion of resistance
Comestibles
 f - 32 rations
 U - 2 chunks of flesh


   Skills:
 + Level 12.6 Fighting
 - Level 14.0 Staves
 - Level 1.7 Throwing
 + Level 11.8 Dodging
 - Level 14.0 Invocations
 - Level 6.5 Evocations


You had 13 spell levels left.
You didn't know any spells.
Your spell library contained the following spells:

 Spells                   Type           Power        Failure   Level  Hunger
 Animate Skeleton         Necr           N/A          43%         1    ##.....
 Pain                     Necr           #...         43%         1    ##.....
 Shock                    Conj/Air       #...         43%         1    ##.....
 Summon Small Mammal      Summ           #...         43%         1    ##.....
 Call Imp                 Summ           #.......     58%         2    ###....
 Swiftness                Chrm/Air       #.......     58%         2    ###....
 Call Canine Familiar     Summ           #.......     82%         3    ####...
 Regeneration             Chrm/Necr      #.........   82%         3    ####...
 Summon Guardian Golem    Hex/Summ       #.......     82%         3    ####...
 Vampiric Draining        Necr           #.........   82%         3    ####...
 Animate Dead             Necr           N/A          99%         4    #####..
 Cause Fear               Hex            #.........   99%         4    #####..
 Leda's Liquefaction      Hex/Erth       #.........   99%         4    #####..
 Summon Ice Beast         Ice/Summ       #.......     99%         4    #####..
 Summon Lightning Spire   Summ/Air       #.......     99%         4    #####..
 Bolt of Magma            Conj/Fire/Erth #.........   100%        5    ######.
 Silence                  Hex/Air        #.........   100%        5    ######.
 Summon Demon             Summ           #.........   100%        5    ######.
 Yara's Violent Unravell  Hex/Tmut       #.........   100%        5    ######.
 Conjure Ball Lightning   Conj/Air       #.........   100%        6    #######
 Deflect Missiles         Chrm/Air       #.........   100%        6    #######
 Iron Shot                Conj/Erth      #.........   100%        6    #######
 Statue Form              Tmut/Erth      #........    100%        6    #######
 Malign Gateway           Summ/Tloc      #.........   100%        7    #######
 Discord                  Hex            #.........   100%        8    #######
 Shatter                  Erth           #.........   100%        9    #######
 Tornado                  Air            #.........   100%        9    #######


Dungeon Overview and Level Annotations

Branches:
Dungeon (11/15)            Temple (0/1) D:6            Lair (6/6) D:11
  Swamp (0/4) Lair:3       Spider (0/4) Lair:4        Slime (0/5) Lair:6
    Orc (2/2) D:9           Sewer (visited)
    Elf: Orc:2

Altars:
Ashenzari
Fedhas
Gozag
Hepliaklqana
Kikubaaqudgha
Makhleb
Nemelex Xobeh
Okawaru
Qazlal
Ru
Sif Muna
Trog
Uskayaw
Vehumet
Xom
Zin
Beogh

Shops:
D:4 =   D:5 (%?   D:6 %   D:10 }   Orc:2 [:?


Innate Abilities, Weirdness & Mutations

You have claws for feet.
You are completely covered in molten scales. (AC +4, rF+)
You sometimes gain a little power by taking damage.
When hurt, damage is shared between your health and your magic reserves.
You regenerate magic rapidly.
You are somewhat resistant to further mutation.
You occasionally shout uncontrollably at your foes.


Message History

You convulse!
As you read the scroll of teleportation, it crumbles to dust.
You feel strangely unstable.
The orc knight is engulfed in blazing flames.
The orc knight hits the fungus with a +0 long sword!!
The fungus is destroyed!
The orc high priest is engulfed in blazing flames.
The orc high priest calls down the wrath of Beogh upon you.
Beogh smites you!
The orc knight is engulfed in blazing flames.
The orc warrior misses you.
The orc high priest is engulfed in blazing flames.
The orc high priest completely misses you.
The orc warrior completely misses you.
The orc warlord hits you with a +3 dire flail of holy wrath!!
* * * LOW HITPOINT WARNING * * *
You focus on the pain.
You feel mightier all of a sudden.
You convulse!!
You die...

..... ...... .......P.......
...... ..........#.... ......
............... ......
.....#§§§§§........ #.....
..$..Po§§§.......... ......
....P.oooo....#...... ......
.....Ooo§P........... ......
....P..@o.P..........
#.....#.....P.....8..........
#....#.......P..∩............
.............P........o..#
......................h.##
.......#.....PP..........#
....#.#............P....###
.......................#..##
.))........................#


You could see an orc warlord, 4 orc knights, 2 orc high priests, a warg, 2 orc
warriors and an ogre.

Vanquished Creatures
  Rupert (Lair:3)
  Snorg (D:11)
  2 fire dragons
  Harold (D:8)
  6 hydras
  Erica (Lair:2)
  5 two-headed ogres
  An alligator (Lair:6)
  14 death yaks
  An orc high priest (Orc:2)
  The ghost of Johnny the Quickloader, a novice DgHu (D:7)
  A lindwurm (Lair:6)
  Pikel (D:6)
  An orb spider (Lair:4)
  2 orc knights (Orc:2)
  2 moths of wrath
  4 black mambas
  4 elephants (Lair:2)
  5 komodo dragons
  8 spiny frogs
  6 torpor snails
  4 tyrant leeches (Lair:6)
  11 polar bears
  7 hornets
  4 trolls
  2 raiju (Lair:6)
  2 bog bodies (Lair:3)
  13 hippogriffs
  4 dream sheep (Lair:6)
  2 slime creatures (Lair:6)
  8 blink frogs
  A spriggan (D:10)
  A wyvern (D:11)
  50 yaks
  Menkaure (D:5)
  A vampire mosquito (D:7)
  8 wargs
  12 hell hounds (Lair:6)
  5 water moccasins
  13 porcupines
  A hornet zombie (D:8)
  An eye of draining (D:9)
  3 ice beasts
  13 black bears
  17 orc warriors
  A phantom (D:7)
  2 necrophages
  11 ogres
  A centaur (D:10)
  13 wolves (Lair:6)
  11 crocodiles
  2 big kobolds
  16 bullfrogs
  3 gnoll sergeants (D:7)
  8 scorpions
  11 killer bees
  3 wights (D:6)
  4 electric eels
  2 vampire bats (D:5)
  5 howler monkeys
  2 crimson imps
  A quasit (D:8)
  6 jellies
  9 orc priests
  3 centaur skeletons
  A bullfrog zombie (D:6)
  4 hounds
  15 orc wizards
  4 iguanas
  13 worker ants
  A killer bee zombie (D:9)
  3 hound zombies
  2 hound skeletons
  A worker ant zombie (D:7)
  Robin (D:3)
  17 adders
  4 shadow imps
  An ooze (D:4)
  An adder skeleton (D:7)
  4 worms
  4 dart slugs
  5 leopard geckos
  52 orcs
  3 ball pythons
  10 bats
  4 bat skeletons (D:5)
  3 bat zombies (D:5)
  12 giant cockroaches
  19 goblins
  5 hobgoblins
  11 jackals
  7 quokkas
  13 frilled lizards
  14 kobolds
  A quokka skeleton (D:7)
  9 rats
  A plant (D:4)
611 creatures vanquished.

Vanquished Creatures (collateral kills)
  The ghost of barcode the Spear-Bearer, a novice MfSk of Okawaru (Lair:1)
  A torpor snail (Lair:6)
  A komodo dragon (Lair:1)
  2 hornets (Lair:6)
  A hippogriff (Lair:1)
  A wolf (Lair:1)
7 creatures vanquished.

Vanquished Creatures (others)
  A hell hound (Lair:6)
  A river rat (D:6)
  A rat (D:6)
  9 fungi
  27 plants
39 creatures vanquished.

Grand Total: 657 creatures vanquished

Notes
Turn   | Place    | Note
-------+----------+-------------------------------------------
     0 | D:1      | Curus the Demonspawn Gladiator began the quest for the Orb.
     0 | D:1      | Reached XP level 1. HP: 16/16 MP: 1/1
   106 | D:1      | Gained mutation: You sometimes gain a little power by
                  | taking damage. [demonic ancestry]
   106 | D:1      | Reached XP level 2. HP: 22/22 MP: 2/2
   556 | D:1      | Gained mutation: When hurt, damage is shared between your
                  | health and your magic reserves. [demonic ancestry]
   556 | D:1      | Reached XP level 3. HP: 27/27 MP: 3/3
   738 | D:2      | Found a burning altar of Makhleb.
   789 | D:2      | Became a worshipper of Makhleb the Destroyer
  1058 | D:2      | Found a glowing silver altar of Zin.
  1058 | D:2      | Found an opulent altar of Gozag.
  1066 | D:2      | Gained mutation: You are partially covered in molten
                  | scales. (AC +2) [demonic ancestry]
  1066 | D:2      | Reached XP level 4. HP: 22/33 MP: 4/4
  1613 | D:3      | Noticed Robin
  1931 | D:3      | Reached * piety under Makhleb
  1981 | D:3      | Reached skill level 5 in Staves
  1987 | D:3      | Reached XP level 5. HP: 8/38 MP: 2/5
  2349 | D:3      | Killed Robin
  2465 | D:3      | Found a hazy altar of Hepliaklqana.
  2514 | D:3      | Reached ** piety under Makhleb
  2594 | D:3      | Found a burning altar of Makhleb.
  2700 | D:4      | Noticed an ogre
  2721 | D:4      | Killed an ogre
  2721 | D:4      | Gained mutation: You regenerate magic rapidly. [demonic
                  | ancestry]
  2721 | D:4      | Reached XP level 6. HP: 28/44 MP: 3/6
  2727 | D:4      | Found a sparkling altar of Nemelex Xobeh.
  3264 | D:4      | Found Liskonk's Jewellery Shoppe.
  3409 | D:4      | Gained mutation: You have sharp toenails. [demonic
                  | ancestry]
  3409 | D:4      | Reached XP level 7. HP: 50/50 MP: 7/7
  3838 | D:4      | Found a blossoming altar of Fedhas.
  4096 | D:5      | Entered Level 5 of the Dungeon
  4161 | D:5      | Found Voxioj's Magic Scroll Shop.
  4167 | D:5      | Noticed Menkaure
  4175 | D:5      | Killed Menkaure
  4179 | D:5      | Bought a scroll of magic mapping for 42 gold pieces
  4179 | D:5      | Bought a scroll of teleportation for 36 gold pieces
  4179 | D:5      | Bought a scroll of fear for 42 gold pieces
  4179 | D:5      | Bought a scroll of fog for 24 gold pieces
  4424 | D:5      | Found Sedghepn's Food Boutique.
  4446 | D:5      | Found a shimmering blue altar of Sif Muna.
  4516 | D:5      | Found Someot's Weapon Shop.
  4589 | D:5      | Reached *** piety under Makhleb
  4643 | D:5      | Noticed a hippogriff
  4662 | D:5      | Killed a hippogriff
  4662 | D:5      | Reached XP level 8. HP: 28/56 MP: 1/8
  4742 | D:5      | Found an ancient bone altar of Kikubaaqudgha.
  5001 | D:6      | Found a staircase to the Ecumenical Temple.
  5069 | D:6      | Reached skill level 10 in Staves
  5345 | D:6      | Noticed Pikel
  5347 | D:6      | Found a glowing drain.
  5366 | D:6      | Killed Pikel
  5462 | Sewer    | Entered a sewer
  5646 | Sewer    | Gained mutation: You are mostly covered in molten scales.
                  | (AC +3) [demonic ancestry]
  5646 | Sewer    | Reached XP level 9. HP: 61/61 MP: 9/9
  6035 | D:6      | Found a shattered altar of Ashenzari.
  6046 | D:6      | Reached **** piety under Makhleb
  6080 | D:6      | Found a hide-covered altar of Uskayaw.
  6158 | D:6      | Found Muqiel's Food Shop.
  6386 | D:7      | Found a stormy altar of Qazlal.
  6387 | D:7      | Found an iron altar of Okawaru.
  6547 | D:7      | Noticed a two-headed ogre
  6556 | D:7      | Killed a two-headed ogre
  6743 | D:7      | Gained mutation: You are completely covered in molten
                  | scales. (AC +4, rF+) [demonic ancestry]
  6743 | D:7      | Reached XP level 10. HP: 51/67 MP: 10/10
  6905 | D:7      | Identified the cursed +9 giant club of Insomnia {freeze,
                  | rC+ Str+3 Dex-4}
  6905 | D:7      | Noticed a two-headed ogre
  6905 | D:7      | Noticed Johnny's ghost (novice DgHu)
  6912 | D:7      | Found a transporter.
  6915 | D:7      | Found a transporter.
  6916 | D:7      | Found a bloodstained altar of Trog.
  6916 | D:7      | Noticed a moth of wrath
  7284 | D:7      | Found a hide-covered altar of Uskayaw.
  7733 | D:8      | Noticed a two-headed ogre
  7750 | D:8      | Killed a two-headed ogre
  7885 | D:8      | Reached ***** piety under Makhleb
  8858 | D:8      | Found a shimmering altar of Xom.
  8958 | D:9      | Noticed Harold
  8985 | D:8      | Killed Harold
  8985 | D:8      | Reached skill level 5 in Fighting
  8985 | D:8      | Reached skill level 5 in Dodging
  8985 | D:8      | Gained mutation: You have razor-sharp toenails. [demonic
                  | ancestry]
  8985 | D:8      | Reached XP level 11. HP: 26/79 MP: 11/11
  9064 | D:9      | Found a staircase to the Orcish Mines.
  9371 | D:9      | Found a roughly hewn altar of Beogh.
  9920 | D:9      | Found a sacrificial altar of Ru.
 10201 | D:10     | Entered Level 10 of the Dungeon
 10682 | D:4      | Bought the macabre finger necklace {rN+} for 440 gold
                  | pieces
 10682 | D:4      | Found the macabre finger necklace {rN+}
 10820 | D:7      | Killed Johnny's ghost
 10830 | D:7      | Killed a two-headed ogre
 10833 | D:7      | HP: 5/126 [gnoll sergeant/+0 trident (4)]
 10836 | D:7      | HP: 2/126 [poisoned by a gnoll sergeant]
 10841 | D:7      | HP: 4/127 [poisoned by a gnoll sergeant]
 10856 | D:7      | HP: 3/86 [poisoned by a gnoll sergeant]
 10861 | D:7      | HP: 4/86 [poisoned by a gnoll sergeant]
 11259 | D:10     | Noticed a two-headed ogre
 11269 | D:10     | Paralysed by a hornet for 1 turns
 11274 | D:10     | Killed a two-headed ogre
 11309 | D:10     | Found Ixunenucw's Gadget Shop.
 11490 | D:10     | Noticed a two-headed ogre
 11505 | D:10     | Killed a two-headed ogre
 11545 | D:10     | Found a hide-covered altar of Uskayaw.
 11686 | D:10     | Gained mutation: You have claws for feet. [demonic
                  | ancestry]
 11686 | D:10     | Reached XP level 12. HP: 94/94 MP: 12/12
 11842 | D:11     | Found a staircase to the Lair.
 11852 | D:11     | Reached ****** piety under Makhleb
 11955 | Lair:1   | Entered Level 1 of the Lair of Beasts
 12005 | Lair:1   | Reached skill level 1 in Invocations
 12005 | Lair:1   | Reached skill level 1 in Evocations
 12197 | Lair:1   | You fall into a shaft and drop 1 floor!
 12212 | Lair:2   | Noticed a death yak
 12212 | Lair:2   | Noticed a death yak
 12212 | Lair:2   | Noticed a death yak
 12212 | Lair:2   | Noticed a death yak
 12214 | Lair:2   | Noticed a death yak
 12222 | Lair:2   | Killed a death yak
 12227 | Lair:2   | Killed a death yak
 12238 | Lair:2   | Killed a death yak
 12246 | Lair:2   | Killed a death yak
 12246 | Lair:2   | Reached skill level 5 in Invocations
 12250 | Lair:2   | Killed a death yak
 12388 | Lair:2   | Reached skill level 5 in Evocations
 12770 | Lair:1   | Found a transporter.
 12901 | Lair:1   | Found a transporter.
 12967 | Lair:1   | Noticed barcode's ghost (novice MfSk)
 13169 | Lair:2   | Noticed Erica
 13182 | Lair:2   | Killed Erica
 13255 | Lair:2   | Reached XP level 13. HP: 101/101 MP: 19/19
 13489 | Lair:3   | Noticed Rupert
 13534 | Lair:3   | Killed Rupert
 13534 | Lair:3   | Reached skill level 10 in Invocations
 13678 | Lair:3   | Found a staircase to the Swamp.
 13727 | Lair:3   | HP: 5/101 [death yak (7)]
 13734 | Lair:3   | HP: 2/101 [death yak (12)]
 15042 | Lair:4   | Found a hole to the Spider Nest.
 15628 | Lair:5   | Reached skill level 10 in Fighting
 15667 | Lair:5   | Gained mutation: You occasionally shout uncontrollably at
                  | your foes. [potion of mutation]
 15667 | Lair:5   | Gained mutation: You are somewhat resistant to further
                  | mutation. [potion of mutation]
 16048 | Lair:5   | Noticed a fire dragon
 16062 | Lair:5   | Killed a fire dragon
 16149 | Lair:6   | Entered Level 6 of the Lair of Beasts
 16188 | Lair:6   | Reached XP level 14. HP: 75/111 MP: 11/24
 16224 | Lair:5   | Reached skill level 10 in Dodging
 16301 | Lair:6   | Identified the Compendium of the Entourage and Feathers
 16662 | Lair:6   | Found a staircase to the Slime Pits.
 17389 | Lair:6   | Paralysed by a hornet for 1 turns
 17684 | Lair:6   | Found a runed translucent door.
 18088 | Lair:1   | Killed barcode's ghost
 18222 | Lair:1   | Got a smoking marble ring
 18230 | Lair:1   | Identified the ring of Vaeqer {+Blink MR+ Int-4 Dex+6
                  | Slay+6} (You found it on level 1 of the Lair of Beasts)
 18308 | D:11     | Noticed Snorg
 18315 | D:11     | Killed Snorg
 18594 | Orc:1    | Entered Level 1 of the Orcish Mines
 18657 | Orc:1    | Found a radiant altar of Vehumet.
 18771 | Orc:2    | Entered Level 2 of the Orcish Mines
 18815 | Orc:2    | Found Ubbeir's Magic Scroll Shop.
 18845 | Orc:2    | Bought a scroll of torment for 112 gold pieces
 18870 | Orc:2    | Found Tiathruce's Antique Armour Boutique.
 18935 | Orc:2    | Bought a dazzling leather armour for 182 gold pieces
 18945 | Orc:2    | Identified the cursed +0 leather armour "Fiotheg" {Int+4
                  | Dex-3 Slay+2 SInv} (You bought it in a shop on level 2 of
                  | the Orcish Mines)
 19029 | Orc:2    | Found Xylusoc's Book Shop.
 19036 | Orc:2    | Noticed an orc warlord
 19042 | Orc:2    | Mangled by an orc warlord

Levels and vault maps discovered:
D:1:      scummos_arrival_simple_crosswalls, layout_basic, hex_intersection,
          minivault_26, minmay_misc_feat_room, chequers_serial_rivers_micro_b
D:2:      layout_loops_cross, nicolae_overflow_crystal_walls,
          grunt_temple_overflow_gold_and_silver, first_ration
D:3:      layout_rooms, lemuel_crystal_altar, makhleb_blood_cavern_becter,
          uniq_robin
D:4:      layout_basic, nemelex_altar_shiori, serial_shops,
          kennysheep_mini_moat, roderic_roman_lattice, serial_bayou_ford_a,
          serial_bayou_lagoon_a, st_stairs_11, fedhas_altar_4
D:5:      layout_cave_pools, overflow_temple_1_default,
          kennysheep_vampire_church, serial_shops, nicolae_shop_trees,
          kennysheep_little_box, shop_coins, corexii_shack, uniq_menkaure
D:6:      layout_basic, ashenzari_altar_1, temple_statues, basic_altar,
          portal_sewer_entry_a, serial_shops, nicolae_shop_crystal,
          minmay_stone_trees_medium, uniq_pikel
D:7:      minmay_the_grid_octo_tiled_squarecenter
          [minmay_the_grid_octo_concentric, minmay_the_grid_octo_clover_2,
          minmay_the_grid_octo_odd_swirl, minmay_the_grid_octo_thin_diamonds,
          minmay_the_grid_square_5x5_megaprize_open,
          minmay_the_grid_square_5x5_doubleslash,
          minmay_the_grid_square_5x5_forky,
          minmay_the_grid_square_5x5_spiral_small,
          minmay_the_grid_square_5x5_plus], layout_cave_pods, marbit_many_paths,
          chequers_temple_overflow_statue_of_worship,
          gammafunk_ghost_wrathful_warriors
D:8:      layout_layer_cave, kennysheep_mini
D:9:      layout_long_grid, overflow_temple_1_default,
          minmay_orc_entry_temple_small, uniq_harold
D:10:     layout_roguey, serial_shops, shop, the_bakery, kennysheep_flooded_box,
          abandoned_shop, grunt_ministairs_7
D:11:     layout_roguey, due_lair_maze_entry_diamond, corexii_hall_statues_l,
          uniq_snorg
Lair:1:   layout_gridlike, gammafunk_ghost_berserking_beasts,
          serial_bayou_shore_b, grunt_megastairs_3, serial_bayou_shore_a
Lair:2:   layout_big_grid, st_stairs_12, chequers_serial_rivers_room_b,
          grunt_megastairs_5, uniq_erica
Lair:3:   layout_loops_ring, skrybe_swamp_entry_bodies, serial_bayou_lagoon_b,
          uniq_rupert
Lair:4:   layout_regular_city, nicolae_spider_entry_orb_guardian
Lair:5:   dragon1_lemuel, layout_layer_cave, grunt_megastairs_1
Lair:6:   hangedman_lair_caniforms_friends, layout_loops_ring, wormcave,
          minmay_slime_entry_pillars
Orc:1:    layout_caves, basic_altar, uniq_nergalle
Orc:2:    grunt_orc_gardens, layout_caves, grunt_orc_garden, grunt_orc_garden,
          grunt_orc_garden, grunt_orc_garden, serial_shops, shop, elf_legates

Skill      XL: |  1  2  3  4  5  6  7  8  9 10 11 12 13 14 |
---------------+-------------------------------------------+-----
Staves         | 3 4 5 6 7 9 11 13 14 | 14.0
Dodging        | 5 8 9 11 | 11.8
Fighting       | 5 8 9 10 12 | 12.6
Invocations    | 9 14 | 14.0
Evocations     | 6 |  6.5
Throwing       | |  1.7

Action                   |  1- 3 |  4- 6 |  7- 9 | 10-12 | 13-15 || total
-------------------------+-------+-------+-------+-------+-------++-------
Melee: Quarterstaff      |   100 |   266 |   365 |   958 |  1104 ||  2793
       Kick              |       |       |       |   129 |   503 ||   632
Throw: Throwing net      |       |     1 |     2 |     1 |       ||     4
Invok: Minor Destruction |       |       |       |     7 |     4 ||    11
       Lesser Servant of |       |       |       |       |     2 ||     2
       Greater Servant o |       |       |       |       |     2 ||     2
       Major Destruction |       |       |       |       |     1 ||     1
Evoke: Wand              |       |       |     2 |     5 |     4 ||    11
  Use: Potion            |     4 |     5 |     5 |     6 |     5 ||    25
       Scroll            |     5 |       |     3 |     9 |     6 ||    23
 Stab: Sleeping          |     4 |     1 |       |     2 |       ||     7
       Held in net/web   |       |       |     3 |     2 |       ||     5
       Distracted        |       |       |       |       |     3 ||     3
  Eat: Chunk             |       |     8 |     8 |    22 |    16 ||    54
       Ration            |       |       |     1 |       |     1 ||     2
Armor: Leather armour    |    24 |    94 |   107 |    91 |       ||   316
       Skin              |       |       |     4 |       |       ||     4
       Troll leather arm |       |       |       |    80 |   250 ||   330
Dodge: Dodged            |    87 |   205 |   214 |   488 |  1027 ||  2021
